 Dungeon Crawl Stone Soup version 0.31-a0-1620-gcbf77bbcfc (webtiles) character file.

Game seed: 9471288265085657107

131891 Xavori the Nimble (level 17, -5/135 HPs)
             Began as a Djinni Chaos Knight on Jan 11, 2024.
             Was a Plaything of Xom.
             Slain by a ghost moth (15 damage)
             ... on level 3 of the Spider Nest.
             The game lasted 00:59:16 (24852 turns).

Xavori the Nimble (Djinni Chaos Knight)            Turns: 24852, Time: 00:59:16

Health: -5/135     AC:  3    Str: 14 (15) XL:     17   Next: 41%
Gold:   1685       EV: 24    Int: 16 (20) God:    Xom [......] SH:  0 Dex: 25 (31)

rFire   + + .        T - +4 scimitar (flame)
rCold   x . .        (no shield)
rNeg    . . .        e - +1 troll leather armour {Snorg}
rPois   ∞            I - +2 hat
rElec   +            g - +0 cloak
rCorr   .            a - +1 pair of gloves
SInv    .            (boots unavailable)
Will    +....        b - amulet "Cerpha" {Acrobat rElec Int+6 Slay+2}
Stlth   +++          K - +6 ring of dexterity
HPRegen 1.22/turn    Y - +6 ring of dexterity
MPRegen 0.00/turn

%: acrobat, clarity, infuse magic (-6 HP)
@: about to teleport, corroded, flying, studying Shapeshifting
A: sickness immunity, fire resistance 2, cold vulnerability 1, float, innate
caster, HP casting, extra vitality 1, horns 1, camouflage 1, clarity,
deterioration 1, sense surroundings 1, robust 1, strong 1, wild magic 2, sturdy
frame 1, noise suppression
a: Renounce Religion


You were on level 3 of the Spider Nest.
You worshipped Xom.
You were a very special plaything of Xom.
You visited 4 branches of the dungeon, and saw 24 of its levels.
You also visited: Ossuary and Ice Cave.

You collected 4028 gold pieces.
You spent 2343 gold pieces at shops.

Inventory:

Hand Weapons
 H - a +1 long sword of electrocution
 T - a +4 scimitar of flaming (weapon)
 Z - a +5 scimitar
Missiles
 k - 10 curare-tipped darts (quivered)
 M - 4 throwing nets
Armour
 a - a +1 pair of gloves (worn)
 e - a +1 troll leather armour (worn) {Snorg}
 g - a +0 cloak (worn)
 z - a +3 leather armour of willpower
 I - a +2 hat (worn)
Jewellery
 b - the amulet "Cerpha" (around neck) {Acrobat rElec Int+6 Slay+2}
   (You found it in an ice cave)

   [amulet of the acrobat]

   Acrobat:   It increases your evasion while moving and waiting.
   Int+6:     It affects your intelligence (+6).
   Slay+2:    It affects your accuracy & damage with ranged weapons and melee
   (+2).
   rElec:     It insulates you from electricity.
 j - a +5 ring of evasion
 p - a ring of resist corrosion
 w - a +4 ring of protection
 y - a ring of see invisible
 J - a ring of positive energy
 K - a +6 ring of dexterity (left hand)
 P - a ring of wizardry
 Y - a +6 ring of dexterity (right hand)
Wands
 h - a wand of mindburst (18)
 i - a wand of light (9)
 B - a wand of flame (20)
 D - a wand of charming (5)
 Q - a wand of iceblast (27)
 S - a wand of polymorph (16)
Scrolls
 c - 4 scrolls of butterflies
 d - 5 scrolls of poison
 f - a scroll of torment
 m - 2 scrolls of revelation
 n - 2 scrolls of blinking
 q - 6 scrolls of fog
 s - a scroll of fear
 u - 7 scrolls of teleportation
 x - 6 scrolls of immolation
 X - 2 scrolls of enchant weapon
Potions
 l - 2 potions of resistance
 o - 5 potions of brilliance
 r - 7 potions of heal wounds
 v - 3 potions of cancellation
 A - 4 potions of invisibility {unknown}
 C - 2 potions of berserk rage {unknown}
 E - 5 potions of ambrosia {unknown}
 F - 7 potions of mutation
 G - 2 potions of haste {unknown}
 L - 10 potions of curing
 N - 2 potions of enlightenment {unknown}
 R - 3 potions of degeneration {unknown}
 V - 3 potions of might
Miscellaneous
 t - a condenser vane
 O - a sack of spiders
 U - a lightning rod (4/4)
 W - a phial of floods


   Skills:
 + Level 12.0 Fighting
 + Level 11.0 Long Blades
 + Level 11.6 Armour
 + Level 12.8 Dodging
 * Level 11.7 Spellcasting
 * Level 11.7 Conjurations
 * Level 11.7 Hexes
 * Level 11.7 Summonings
 * Level 11.7 Necromancy
 * Level 11.7 Translocations
 * Level 11.7 Fire Magic
 * Level 11.7 Ice Magic
 * Level 11.7 Air Magic
 * Level 11.7 Earth Magic
 * Level 11.7 Alchemy
 - Level 9.7 Evocations
 * Level 9.1 Shapeshifting


You knew the following spells:

 Your Spells              Type           Power      Damage    Failure   Level
a - Freeze                Ice            100%       1d10      1%          1
b - Searing Ray           Conj           100%       2d8       1%          2
c - Stone Arrow           Conj/Erth      100%       3d13      1%          3
d - Sticky Flame          Fire/Alch      66%        2d11      3%          4
e - Airstrike             Air            33%        2d(5-21)  3%          4
f - Curse of Agony        Necr           66%        N/A       6%          5
g - Conjure Ball Lightni  Conj/Air       33%        3x3d11    21%         6
h - Death Channel         Necr           33%        N/A       21%         6
Your spell library was empty.

Dungeon Overview and Level Annotations

Branches:
Dungeon (14/15)            Temple (0/1) D:5            Lair (5/5) D:8
 Shoals (0/4) Lair:3       Spider (3/4) Lair:3        Slime (0/5) Lair:5
    Orc (2/2) D:11            Elf (0/3) Orc:2        Vaults (0/5) D:13
Ossuary (visited)           IceCv (visited)

Altars:
Elyvilon
Hepliaklqana
Okawaru
Trog
Wu Jian
Xom
Jiyva

Shops:
D:5 =(   D:9 :   Orc:1 *   Orc:2 ?(([


Innate Abilities, Weirdness & Mutations

You are immune to sickness and miasma.
You are immune to poison.
Your flesh is very heat resistant. (rF++)
You are vulnerable to cold. (rC-)
You float through the air rather than walking.
You learn spells naturally, not from books.
Your magical power is your life essence.
You have superior vitality. (+4 MHP)
You have a pair of small horns on your head.
Your skin changes colour to match your surroundings (Stealth+).
You possess an exceptional clarity of mind.
Your body sometimes deteriorates upon taking damage.
You passively map a small area around you.
You are robust. (+10% HP)
Your muscles are strong. (Str +4, Int/Dex -1)
Your spells are harder to cast, but more powerful.
Your movements are slightly less encumbered by armour. (ER -2)
You passively dampen the noise of your surroundings.


Message History

Something hits you. Something hits you but does no damage.
Something misses you.
You hit the entropy weaver but do no damage.
You headbutt the entropy weaver!
The entropy weaver is heavily wounded.
The entropy weaver burns!
The redback burns!
You kill the redback!
The redback bites you but does no damage.
The entropy weaver casts a spell at you.
The entropic weave corrodes you! The redback closely misses you.
You feel you are being watched by something.
Something misses you. Something hits you but does no damage.
Something closely misses you.
You slice the entropy weaver!! You burn the entropy weaver.
You kill the entropy weaver!
The tarantella misses you. The redback completely misses you.
Something hits you!
You feel clumsy. Something closely misses you. Something stings you.
You feel clumsy.
You feel your dexterity returning.
You hit the redback but do no damage. You headbutt the redback.
The redback is lightly wounded.
The tarantella completely misses you. The redback misses you.
You feel you are being watched by something.
Something hits you but does no damage. Something closely misses you.
Something stings you!
You feel clumsy. The tarantella completely misses you.
As you read the scroll of teleportation, it crumbles to dust.
You feel strangely unstable. The redback closely misses you.
The redback bites you. The tarantella touches you. The redback misses you.
The redback completely misses you. Something hits you!!
* * * LOW HITPOINT WARNING * * *
Something hits you!
* * * LOW HITPOINT WARNING * * *
You feel dopey. Something stings you!
You die...
Xom cackles wildly!

. .# . , .....
#.... * .#..# s#
... . ..#. . ~
s..... ,.##>...
... ,.., )# ,
,....#..#..# s# *
...#,,
.#.#.s#...#..,
#..^..
.....#.^...# . ~
s*...^
).###.......##...
.. #..*
#....#^#s#...#, *
* #.., .
,#^.s@s.# , #.#.
* ,#.#.s#{......
, ..... ,
..#.....##.... ,
,
^.#........#,...
* .#.....#.#..#
.. , ,
..#.#...#....^ .
, .#..#...
##.#..* , , ...
..#. ....# #.
...#. ....^


You could see a tarantella and 4 redbacks.

Vanquished Creatures
  A frost giant (Lair:4)
  2 emperor scorpions
  An orc warlord (D:11)
  4 ghost moths
  A broodmother (Spider:1)
  A white draconian (IceCv)
  Snorg (D:11)
  An ettin (D:11)
  An entropy weaver (shapeshifter) (D:13)
  2 fire dragons
  2 entropy weavers
  A jorogumo (Spider:1)
  6 hydras
  A catoblepas (Lair:5)
  4 ogre magi (Orc:2)
  3 centaur warriors
  2 radroaches (Spider:2)
  9 two-headed ogres
  4 boulder beetles
  16 death yaks
  A deep troll shaman (Lair:5)
  2 demonic crawlers (Spider:1)
  4 orc high priests (Orc:2)
  2 skysharks
  Lodul (D:13)
  4 pharaoh ants
  A sun moth (Spider:2)
  4 orc knights
  2 orb spiders (Spider:1)
  Pikel (D:8)
  A lindwurm (Lair:5)
  3 steelbarb worms
  6 ugly things
  A harpy (Lair:3)
  A deep elf pyromancer (D:13)
  4 wolf spiders (Spider:1)
  3 manticores
  2 meliai
  3 cyclopes
  2 moths of wrath
  2 ice statues (IceCv)
  10 elephants
  A gargoyle (D:12)
  3 black mambas
  12 slime creatures (D:12)
  3 torpor snails
  A cane toad (shapeshifter) (D:13)
  7 cane toads
  6 rime drakes
  2 unseen horrors
  10 komodo dragons
  3 efreet
  A tengu conjurer (D:14)
  17 tarantellas
  7 trolls
  2 hornets
  20 blink frogs
  7 dream sheep
  11 culicivoras
  15 jumping spiders
  3 vampires
  A spriggan (D:8)
  5 wraiths
  22 yaks
  2 fire elementals (D:14)
  3 wyverns
  3 basilisks
  12 wargs
  33 redbacks
  3 steam dragons
  10 vampire mosquitoes
  Edmund (D:5)
  A hell hound (D:14)
  15 water moccasins
  Duvessa (D:4)
  24 orc warriors
  4 sky beasts
  3 ice beasts
  5 black bears
  2 laughing skulls (D:9)
  18 ogres
  6 wolves (Lair:5)
  8 centaurs
  A phantom (D:5)
  3 kobold brigands
  2 gnoll sergeants
  A brain worm (Lair:3)
  5 bullfrogs
  A scorpion (D:6)
  5 wights
  Dowan (D:4)
  4 lindwurm simulacra (IceCv)
  3 killer bees (D:8)
  4 howler monkeys (D:12)
  A vampire bat (Orc:1)
  5 electric eels (D:8)
  6 komodo dragon simulacra (IceCv)
  3 hounds
  14 jellies
  18 orc priests
  3 spectral scorpions (Ossuary)
  2 centaur skeletons (Ossuary)
  A gnoll bouda (D:9)
  2 sleepcaps
  Natasha (twice) (D:3)
  4 iguanas
  18 orc wizards
  A crocodile zombie (Ossuary)
  An ogre skeleton (Ossuary)
  8 mummies (Ossuary)
  23 gnolls
  7 acid dragon simulacra (IceCv)
  6 adders
  2 shadow imps (D:6)
  2 white imps
  4 steam dragon simulacra (IceCv)
  4 ufetubi
  2 dart slugs
  102 orcs
  3 ball pythons
  14 bats
  8 endoplasms
  2 giant cockroaches
  10 hobgoblins
  3 jackals (D:1)
  12 kobolds
  4 quokkas
  5 frilled lizards
  2 gnoll skeletons (Ossuary)
  3 goblins
  A kobold skeleton (Ossuary)
  2 orc skeletons (Ossuary)
  5 rats
  10 spectral rats (Ossuary)
791 creatures vanquished.

Vanquished Creatures (collateral kills)
  Azrael (D:14)
  A two-headed ogre (Orc:2)
  Maurice (D:11)
  A manticore (D:11)
  A cane toad (shapeshifter) (Lair:5)
  A komodo dragon (Lair:5)
  Psyche (D:11)
  A troll (D:10)
  A tarantella (Spider:1)
  A blink frog (Lair:3)
  Sigmund (D:3)
  A centaur simulacrum (D:14)
  Eustachio (D:5)
  3 redbacks
  A vampire mosquito (D:14)
  4 hell hounds (D:14)
  An ogre (D:3)
  A kobold brigand (D:11)
  A bullfrog (Lair:3)
  2 killer bees (Lair:3)
  3 orc priests
  Terence (D:3)
  Natasha (D:3)
  5 orcs
  A giant cockroach (D:3)
  5 kobolds (D:11)
42 creatures vanquished.

Vanquished Creatures (others)
  An eldritch tentacle (Lair:5)
  A two-headed ogre (Orc:2)
  A death yak (Lair:5)
  2 dancing weapons
  A golden eye (shapeshifter) (D:9)
  An orc (Orc:2)
  A jackal (D:1)
  A quokka (D:12)
  11 ball lightnings (Spider:2)
20 creatures vanquished.

Grand Total: 853 creatures vanquished

Notes
Turn   | Place    | Note
-------+----------+-------------------------------------------
     0 | D:1      | Xavori the Djinni Chaos Knight began the quest for the Orb.
     0 | D:1      | Reached XP level 1. HP: 20/20 MP: 0/0
     9 | D:1      | XOM: divination: detect creatures
   141 | D:1      | Found a faded altar of an unknown god.
   164 | D:1      | Reached XP level 2. HP: 25/25 MP: 0/0
   186 | D:1      | XOM: god gift: fluorescent wand {god gift}
   362 | D:1      | Reached XP level 3. HP: 24/30 MP: 0/0
   362 | D:1      | Learned a level 1 spell: Freeze
   439 | D:1      | XOM: divination: detect items
   697 | D:1      | XOM: noise
   698 | D:1      | XOM: silly message
   793 | D:1      | XOM: silly message
   975 | D:1      | XOM: silly message
  1524 | D:1      | XOM: give mutations
  1524 | D:1      | Gained mutation: You are clumsy. (Dex -2) [Xom's mischief]
  1524 | D:1      | Gained mutation: You are weak. (Str -2) [Xom's mischief]
  1701 | D:1      | XOM: noise
  2108 | D:1      | XOM: summons 2 hostile demons
  2109 | D:1      | Noticed a ynoxinul
  2493 | D:1      | XOM: cloud trail
  3335 | D:1      | XOM is BORED!
  4063 | D:1      | XOM: give mutations
  4063 | D:1      | Gained mutation: You expend health (3 HP) to strengthen
                  | your wands. [Xom's grace]
  4063 | D:1      | Gained mutation: You have a pair of small horns on your
                  | head. [Xom's grace]
  4680 | D:1      | XOM: god gift: javelin
  5334 | D:1      | XOM: draining
  5449 | D:1      | XOM: divination: detect items
  5728 | D:1      | XOM: give mutations
  5728 | D:1      | Gained mutation: Your natural rate of healing is unusually
                  | fast. [Xom's mischief]
  5728 | D:1      | Gained mutation: You passively dampen the noise of your
                  | surroundings. [Xom's mischief]
  5728 | D:1      | Lost mutation: You expend health (3 HP) to strengthen your
                  | wands. [Xom's mischief]
  5728 | D:1      | Lost mutation: You passively dampen the noise of your
                  | surroundings. [Xom's mischief]
  5776 | D:2      | Reached skill level 1 in Spellcasting
  5776 | D:2      | Reached skill level 1 in Conjurations
  5776 | D:2      | Reached skill level 1 in Hexes
  5776 | D:2      | Reached skill level 1 in Summonings
  5776 | D:2      | Reached skill level 1 in Necromancy
  5776 | D:2      | Reached skill level 1 in Translocations
  5776 | D:2      | Reached skill level 1 in Fire Magic
  5776 | D:2      | Reached skill level 1 in Ice Magic
  5776 | D:2      | Reached skill level 1 in Air Magic
  5776 | D:2      | Reached skill level 1 in Earth Magic
  5776 | D:2      | Reached skill level 1 in Alchemy
  5832 | D:2      | Reached XP level 4. HP: 33/33 MP: 0/0
  5978 | D:2      | XOM: 3-stop teleportation journey
  6291 | D:2      | Reached skill level 1 in Evocations
  6324 | D:3      | Reached XP level 5. HP: 15/40 MP: 0/0
  6324 | D:3      | Learned a level 2 spell: Searing Ray
  6339 | D:3      | Noticed Sigmund
  6339 | D:3      | Noticed Terence
  6339 | D:3      | Noticed an ogre
  6339 | D:3      | XOM: 7-stop teleportation journey
  6446 | D:3      | Noticed Natasha
  6453 | D:3      | Killed Natasha
  6455 | D:3      | Found an iron altar of Okawaru.
  6472 | D:3      | XOM: cloud trail
  6507 | D:3      | XOM: cast spell 'Summon Dragon'
  6510 | D:3      | Killed an ogre
  6511 | D:3      | Reached XP level 6. HP: 47/47 MP: 0/0
  6544 | D:3      | Found a bloodstained altar of Trog.
  6544 | D:3      | Found a hazy altar of Hepliaklqana.
  6599 | D:3      | Noticed Natasha
  6610 | D:3      | Killed Natasha
  6627 | D:3      | Noticed Natasha
  6638 | D:3      | Killed Natasha
  6641 | D:3      | XOM: smoke on damage
  6643 | D:3      | Killed Sigmund
  6644 | D:3      | Reached XP level 7. HP: 15/52 MP: 0/0
  6644 | D:3      | Learned a level 3 spell: Stone Arrow
  6645 | D:3      | Killed Terence
  6728 | D:4      | Noticed Dowan
  6730 | D:4      | Noticed Duvessa
  6790 | D:4      | Killed Duvessa
  6796 | D:4      | Killed Dowan
  7311 | D:5      | Entered Level 5 of the Dungeon
  7327 | D:5      | Found a staircase to the Ecumenical Temple.
  7360 | D:5      | Noticed a water moccasin
  7361 | D:5      | Found Zeavir's Jewellery Shop.
  7382 | D:5      | XOM: confuse monster(s)
  7386 | D:5      | Killed a water moccasin
  7387 | D:5      | Reached XP level 8. HP: 58/58 MP: 0/0
  7488 | D:5      | an iguana changed into a hornet
  7488 | D:5      | Noticed a hornet
  7494 | D:5      | Killed a hornet
  7663 | D:5      | Noticed Edmund
  7664 | D:5      | XOM: silly message
  7685 | D:5      | Killed Edmund
  7981 | D:5      | Found Jecaud's Antique Weapon Shoppe.
  8050 | D:5      | Noticed Eustachio
  8058 | D:5      | Killed Eustachio
  8096 | D:5      | XOM: give mutations
  8096 | D:5      | Lost mutation: You are clumsy. (Dex -2) [Xom's mischief]
  8096 | D:5      | Gained mutation: You are dopey. (Int -2) [Xom's mischief]
  8096 | D:5      | Gained mutation: Your skin changes colour to match your
                  | surroundings (Stealth+). [Xom's mischief]
  8104 | D:5      | XOM: silly message
  8157 | D:5      | Reached skill level 5 in Fighting
  8157 | D:5      | Reached XP level 9. HP: 54/65 MP: 0/0
  8157 | D:5      | Learned a level 4 spell: Sticky Flame
  8212 | D:6      | XOM: 2-stop teleportation journey
  8218 | D:6      | XOM: noise
  8235 | D:5      | Reached skill level 5 in Dodging
  8274 | D:6      | XOM: chaos upgrade
  8498 | D:6      | Reached skill level 5 in Long Blades
  8932 | D:7      | XOM: cleaving
  8954 | D:7      | XOM: noise
  9046 | D:7      | Reached skill level 5 in Armour
  9163 | D:7      | XOM: silly message
  9176 | D:7      | XOM: silly message
  9181 | D:7      | Reached XP level 10. HP: 67/72 MP: 0/0
  9295 | D:7      | Found a sand-covered staircase.
  9303 | Ossuary  | Entered an ossuary
  9485 | Ossuary  | Reached skill level 5 in Spellcasting
  9485 | Ossuary  | Reached skill level 5 in Conjurations
  9485 | Ossuary  | Reached skill level 5 in Hexes
  9485 | Ossuary  | Reached skill level 5 in Summonings
  9485 | Ossuary  | Reached skill level 5 in Necromancy
  9485 | Ossuary  | Reached skill level 5 in Translocations
  9485 | Ossuary  | Reached skill level 5 in Fire Magic
  9485 | Ossuary  | Reached skill level 5 in Ice Magic
  9485 | Ossuary  | Reached skill level 5 in Air Magic
  9485 | Ossuary  | Reached skill level 5 in Earth Magic
  9485 | Ossuary  | Reached skill level 5 in Alchemy
  9485 | Ossuary  | Reached skill level 5 in Evocations
  9710 | Ossuary  | Upgraded the game from 0.31-a0-1616-gbeaec30b81 to
                  | 0.31-a0-1620-gcbf77bbcfc
  9915 | D:7      | XOM: polymorph ufetubus -> white imp
  9951 | D:7      | XOM: give mutations
  9951 | D:7      | Gained mutation: Your spells are a little harder to cast,
                  | but a little more powerful. [Xom's grace]
  9951 | D:7      | Gained mutation: You heal very quickly. [Xom's grace]
  9951 | D:7      | Lost mutation: You are weak. (Str -2) [Xom's grace]
 10004 | D:7      | XOM: give mutations
 10004 | D:7      | Gained mutation: You are robust. (+10% HP) [Xom's grace]
 10004 | D:7      | Gained mutation: You have a pair of horns on your head.
                  | [Xom's grace]
 10004 | D:7      | Lost mutation: You are dopey. (Int -2) [Xom's grace]
 10247 | D:8      | XOM: 2-stop teleportation journey
 10289 | D:8      | XOM: potion effect (berserk rage)
 10290 | D:8      | XOM: silly message
 10516 | D:8      | XOM: silly message
 10667 | D:8      | XOM: noise
 10679 | D:8      | Noticed Pikel
 10682 | D:8      | Killed Pikel
 10684 | D:8      | XOM: divination: detect creatures
 10771 | D:8      | XOM: polymorph killer bee -> frilled lizard
 10855 | D:8      | XOM: cloud trail
 10904 | D:8      | Found a staircase to the Lair.
 10932 | D:8      | XOM: god gift: silvery potion {god gift}
 11026 | D:8      | XOM: give mutation
 11026 | D:8      | Gained mutation: Your movements are slightly less
                  | encumbered by armour. (ER -2) [Xom's mischief]
 11362 | D:9      | Found a runed translucent door.
 11380 | D:9      | Reached XP level 11. HP: 74/85 MP: 0/0
 11380 | D:9      | Learned a level 4 spell: Airstrike
 11390 | D:9      | XOM: cast spell 'Animate Armour'
 11414 | D:9      | XOM: potion effect (haste)
 11440 | D:9      | Noticed a manticore
 11440 | D:9      | Identified the +10 hand axe of Division {protect, Str+3}
 11476 | D:9      | Killed a manticore
 11477 | D:9      | Noticed a red ugly thing
 11493 | D:9      | Killed a red ugly thing
 11493 | D:9      | Noticed a white ugly thing
 11498 | D:9      | Killed a white ugly thing
 11512 | D:9      | Noticed a centaur warrior
 11518 | D:9      | Killed a centaur warrior
 11745 | D:9      | XOM: god gift: dark potion {god gift}
 11768 | D:9      | Found Xoduqi's Self-Improvement Boutique.
 12031 | D:9      | XOM: scenery: 1 doors close
 12093 | D:9      | XOM: cloud trail
 12107 | D:10     | Entered Level 10 of the Dungeon
 12120 | D:10     | XOM: cast spell 'Summon Hydra'
 12233 | D:10     | XOM: noise
 12239 | D:10     | XOM: divination: magic mapping
 12466 | D:11     | Noticed Snorg
 12467 | D:11     | XOM: enchant monster (good)
 12472 | D:11     | Killed Psyche
 12474 | D:11     | Killed a manticore
 12478 | D:11     | Noticed Maurice
 12483 | D:11     | Killed Maurice
 12498 | D:11     | XOM: divination: detect items
 12501 | D:11     | Killed Snorg
 12502 | D:11     | Reached XP level 12. HP: 84/94 MP: 0/0
 12589 | D:11     | Found a staircase to the Orcish Mines.
 12589 | D:11     | XOM: 2-stop teleportation journey
 12608 | D:11     | XOM: divination: magic mapping
 12654 | D:11     | XOM: smoke on damage
 12709 | D:11     | XOM: divination: detect creatures
 12833 | D:11     | XOM: silly message
 12837 | D:11     | XOM: divination: detect creatures
 12911 | D:11     | XOM: give mutations
 12911 | D:11     | Gained mutation: Your spells are harder to cast, but more
                  | powerful. [Xom's grace]
 12911 | D:11     | Gained mutation: You are partially covered in iridescent
                  | scales. (AC +2) [Xom's grace]
 12911 | D:11     | Gained mutation: Your flesh is almost immune to the effects
                  | of heat. (rF+++) [Xom's grace]
 13090 | Lair:1   | Entered Level 1 of the Lair of Beasts
 13123 | Lair:1   | XOM: confusion (+ monsters)
 13954 | Lair:1   | XOM: silly message
 14151 | Lair:2   | Noticed a death yak
 14151 | Lair:2   | Noticed a death yak
 14151 | Lair:2   | Noticed a death yak
 14151 | Lair:2   | XOM: 6-stop teleportation journey
 14159 | Lair:2   | XOM: polymorph death yak -> death yak
 14175 | Lair:2   | Killed a death yak
 14177 | Lair:2   | XOM: enchant monster (good)
 14180 | Lair:2   | XOM: cleaving
 14182 | Lair:2   | Killed a death yak
 14188 | Lair:2   | Killed a death yak
 14212 | Lair:2   | XOM: enchant monster (good)
 14326 | Lair:2   | XOM: cast spell 'Death Channel'
 14495 | Lair:2   | Reached XP level 13. HP: 102/102 MP: 0/0
 14495 | Lair:2   | Learned a level 5 spell: Curse of Agony
 14625 | Lair:2   | XOM: scenery: summon butterflies
 14665 | Lair:2   | XOM: give mutations
 14665 | Lair:2   | Gained mutation: Your skin blends seamlessly with your
                  | surroundings (Stealth++). [Xom's grace]
 14665 | Lair:2   | Gained mutation: You expend health (3 HP) to strengthen
                  | your wands. [Xom's grace]
 14665 | Lair:2   | Gained mutation: You are agile. (Dex +4, Str/Int -1) [Xom's
                  | grace]
 14665 | Lair:2   | Gained mutation: You are very robust. (+20% HP) [Xom's
                  | grace]
 14684 | Lair:2   | XOM: 6-stop teleportation journey
 14978 | Lair:3   | You are sucked into a shaft and drop 2 floors!
 14978 | Lair:5   | Entered Level 5 of the Lair of Beasts
 14981 | Lair:5   | XOM: give mutations
 14981 | Lair:5   | Gained mutation: You possess an exceptional clarity of
                  | mind. [Xom's grace]
 14981 | Lair:5   | Gained mutation: You passively map a small area around you.
                  | [Xom's grace]
 15042 | Lair:5   | XOM: scenery: create altars
 15048 | Lair:5   | Found a staircase to the Slime Pits.
 15059 | Lair:4   | Noticed a six-headed hydra
 15061 | Lair:4   | Reached skill level 1 in Shapeshifting
 15063 | Lair:4   | XOM: enchant monster (good)
 15074 | Lair:4   | XOM: god gift: Uliz's Encyclopedia of the Compass {god
                  | gift}
 15074 | Lair:4   | Killed a four-headed hydra
 15123 | Lair:4   | Noticed an eight-headed hydra
 15130 | Lair:4   | XOM: fog
 15139 | Lair:4   | XOM: god gift: scroll of poison
 15141 | Lair:4   | XOM: silly message
 15142 | Lair:4   | Killed an eight-headed hydra
 15214 | Lair:4   | Noticed a dire elephant
 15216 | Lair:4   | XOM: divination: detect items
 15228 | Lair:4   | a dire elephant changed into a frost giant
 15228 | Lair:4   | Noticed a frost giant
 15228 | Lair:4   | XOM: polymorph dire elephant -> frost giant
 15231 | Lair:4   | Killed a frost giant
 15263 | Lair:4   | XOM: 2-stop teleportation journey
 15365 | Lair:4   | XOM: scenery: create altars
 15370 | Lair:4   | XOM: 4-stop teleportation journey
 15407 | Lair:4   | XOM: stat loss: -1 Int (12/13)
 15413 | Lair:4   | XOM: summons 2 hostile shadow creatures
 15414 | Lair:4   | XOM: enchant monster (bad)
 15445 | Lair:4   | a death yak changed into an emperor scorpion
 15445 | Lair:4   | Noticed an emperor scorpion
 15445 | Lair:4   | XOM: polymorph death yak -> emperor scorpion
 15452 | Lair:4   | Killed an emperor scorpion
 15459 | Lair:4   | Reached skill level 10 in Dodging
 15878 | Lair:3   | XOM: give mutations
 15878 | Lair:3   | Lost mutation: You are partially covered in iridescent
                  | scales. (AC +2) [Xom's mischief]
 15878 | Lair:3   | Lost mutation: Your flesh is almost immune to the effects
                  | of heat. (rF+++) [Xom's mischief]
 15878 | Lair:3   | Lost mutation: You are very robust. (+20% HP) [Xom's
                  | mischief]
 15880 | Lair:3   | Found a staircase to the Shoals.
 15961 | Lair:3   | Reached XP level 14. HP: 91/111 MP: 0/0
 15964 | Lair:3   | XOM: enchant monster (bad)
 15988 | Lair:3   | XOM: 3-stop teleportation journey
 15999 | Lair:3   | Found a hole to the Spider Nest.
 16128 | Lair:3   | XOM: polymorph torpor snail -> boulder beetle
 16137 | Lair:3   | XOM: scenery: create altars
 16140 | Lair:3   | XOM: potion effect (brilliance)
 16165 | Lair:3   | XOM: enchant monster (good)
 16298 | Lair:3   | XOM: stat loss: -1 Int (12/13)
 16356 | Lair:3   | XOM: polymorph elephant -> brain worm
 16401 | Lair:3   | XOM: give mutations
 16401 | Lair:3   | Lost mutation: You are agile. (Dex +4, Str/Int -1) [Xom's
                  | mischief]
 16401 | Lair:3   | Gained mutation: You have hidden genetic potential. [Xom's
                  | mischief]
 16401 | Lair:3   | Lost mutation: You have hidden genetic potential. [Xom's
                  | mischief]
 16401 | Lair:3   | Lost mutation: Your skin blends seamlessly with your
                  | surroundings (Stealth++). [Xom's mischief]
 16773 | Lair:5   | XOM: polymorph yak -> wolf
 16783 | Lair:5   | XOM: polymorph cane toad -> shapeshifter
 16788 | Lair:5   | XOM: cast spell 'Malign Gateway'
 16793 | Lair:5   | Reached skill level 10 in Fighting
 16826 | Lair:5   | XOM: 1-stop teleportation journey
 16828 | Lair:5   | Got an earthy gem with 20 turns to spare
 16831 | Lair:5   | XOM: enchant monster (good)
 16848 | Lair:5   | Lost the earthy gem through the power of Zot.
 16860 | Lair:5   | XOM: cleaving
 16874 | Lair:5   | XOM: noise
 16894 | Lair:5   | XOM: noise
 16898 | Lair:5   | XOM: potion effect (invisibility)
 16939 | Lair:5   | Found a viscous altar of Jiyva.
 16999 | Lair:5   | XOM: enchant monster (good)
 17154 | Lair:5   | XOM: divination: detect items
 17288 | Lair:5   | XOM: noise
 17300 | Lair:5   | XOM: divination: detect creatures
 17307 | Lair:5   | XOM: polymorph death yak -> steelbarb worm
 17319 | Lair:5   | XOM: cleaving
 17342 | Lair:5   | Reached XP level 15. HP: 78/117 MP: 0/0
 17342 | Lair:5   | Learned a level 6 spell: Conjure Ball Lightning
 17722 | Orc:1    | Entered Level 1 of the Orcish Mines
 17726 | Orc:1    | XOM: cleaving
 17727 | Orc:1    | Noticed Josephine
 17728 | Orc:1    | Josephine changed into Josephine the meliai
 17728 | Orc:1    | Noticed Josephine
 17728 | Orc:1    | XOM: polymorph Josephine -> Josephine the meliai
 17735 | Orc:1    | Killed Josephine the meliai
 17738 | Orc:1    | XOM: divination: magic mapping
 17752 | Orc:1    | Found Wuwa's General Store.
 17774 | Orc:1    | Bought a potion of heal wounds for 80 gold pieces
 17774 | Orc:1    | Bought 2 potions of might for 128 gold pieces
 17776 | Orc:1    | Found a transporter.
 17783 | Orc:1    | Found a transporter.
 17787 | Orc:1    | Found an ornate altar of the Wu Jian Council.
 17788 | Orc:1    | Found a transporter.
 17815 | Orc:1    | XOM: god gift: 4 stones
 17835 | Orc:1    | Reached skill level 10 in Armour
 17843 | Orc:1    | Reached skill level 10 in Spellcasting
 17843 | Orc:1    | Reached skill level 10 in Conjurations
 17843 | Orc:1    | Reached skill level 10 in Hexes
 17843 | Orc:1    | Reached skill level 10 in Summonings
 17843 | Orc:1    | Reached skill level 10 in Necromancy
 17843 | Orc:1    | Reached skill level 10 in Translocations
 17843 | Orc:1    | Reached skill level 10 in Fire Magic
 17843 | Orc:1    | Reached skill level 10 in Ice Magic
 17843 | Orc:1    | Reached skill level 10 in Air Magic
 17843 | Orc:1    | Reached skill level 10 in Earth Magic
 17843 | Orc:1    | Reached skill level 10 in Alchemy
 17868 | Orc:1    | Noticed an orc warlord
 17868 | Orc:1    | Found an ornate altar of the Wu Jian Council.
 17868 | Orc:1    | Found a transporter.
 17871 | Orc:1    | an orc warlord changed into a death yak
 17871 | Orc:1    | XOM: polymorph orc warlord -> death yak
 18030 | Orc:1    | XOM: give mutations
 18030 | Orc:1    | Gained mutation: You passively dampen the noise of your
                  | surroundings. [Xom's grace]
 18030 | Orc:1    | Gained mutation: Your spells are much harder to cast, but
                  | much more powerful. [Xom's grace]
 18030 | Orc:1    | Gained mutation: You have hidden genetic potential. [Xom's
                  | grace]
 18040 | Orc:1    | Noticed an orc warlord
 18052 | Orc:1    | XOM: summons friendly white imp
 18100 | D:11     | XOM: cast spell 'Summon Ice Beast'
 18154 | D:11     | Killed an orc warlord
 18345 | Orc:2    | Entered Level 2 of the Orcish Mines
 18374 | Orc:2    | XOM: scenery: create altars
 18487 | Orc:2    | Found a staircase to the Elven Halls.
 18550 | Orc:2    | Found a frozen archway.
 18561 | IceCv    | Entered an ice cave
 18639 | IceCv    | Identified the amulet "Cerpha" {Acrobat rElec Int+6 Slay+2}
 19081 | IceCv    | XOM: divination: magic mapping
 19133 | IceCv    | XOM: enchant monster (good)
 19171 | IceCv    | Identified the ring "Xauvien" {MP+9 Str+2}
 19316 | Orc:2    | XOM: divination: detect items
 19331 | Orc:2    | Reached skill level 5 in Shapeshifting
 19334 | Orc:2    | XOM: summons friendly shadow imp
 19336 | Orc:2    | XOM: divination: magic mapping
 19339 | Orc:2    | XOM: enchant monster (good)
 19347 | Orc:2    | XOM: enchant monster (good)
 19409 | Orc:2    | Found Basumnuo's Magic Scroll Emporium.
 19412 | Orc:2    | XOM: blink monster(s)
 19418 | Orc:2    | Reached skill level 10 in Long Blades
 19426 | Orc:2    | XOM: divination: detect items
 19433 | Orc:2    | Bought a scroll of acquirement for 884 gold pieces
 19433 | Orc:2    | Acquired 833 gold pieces
 19435 | Orc:2    | Bought a scroll of teleportation for 51 gold pieces
 19448 | Orc:2    | XOM: chaos cloud
 19449 | Orc:2    | XOM: blink monster(s)
 19471 | Orc:2    | Paralysed by something for 2 turns
 19584 | Orc:2    | Found Miorar's Weapon Emporium.
 19743 | Orc:2    | Found Eboskeit's Antique Weapon Emporium.
 19781 | Orc:2    | Found Duirghap's Armour Shoppe.
 19784 | Orc:2    | XOM: chaos cloud
 19843 | Orc:2    | XOM: blink monster(s)
 19997 | D:11     | XOM: noise
 20061 | D:12     | XOM: enchant monster (bad)
 20076 | D:12     | XOM: smoke on damage
 20139 | D:12     | XOM: polymorph gnoll sergeant -> howler monkey
 20177 | D:12     | Reached XP level 16. HP: 101/127 MP: 0/0
 20321 | D:12     | XOM: god gift: falchion {god gift}
 20324 | D:12     | XOM: cloud trail
 20446 | D:12     | XOM: cleaving
 20476 | D:12     | Found a white marble altar of Elyvilon.
 20476 | D:12     | XOM: 5-stop teleportation journey
 20616 | D:12     | XOM: give mutation
 20616 | D:12     | Gained mutation: Your muscles are strong. (Str +4, Int/Dex
                  | -1) [Xom's grace]
 20666 | D:12     | XOM: give mutations
 20666 | D:12     | Gained mutation: You have great hidden genetic potential.
                  | [Xom's grace]
 20666 | D:12     | Gained mutation: You are partially covered in iridescent
                  | scales. (AC +2) [Xom's grace]
 20718 | D:13     | Noticed Lodul
 20723 | D:13     | XOM: divination: detect items
 20728 | D:13     | Killed Lodul
 20829 | D:13     | XOM: enchant monster (good)
 20948 | D:13     | XOM: 3-stop teleportation journey
 20991 | D:13     | Identified the +1 ring mail of the Apothecary {Harm rElec
                  | rCorr}
 21028 | D:13     | XOM: silly message
 21085 | D:13     | XOM: enchant monster (bad)
 21093 | D:13     | Gained mutation: Your muscles are very strong. (Str +8,
                  | Int/Dex -2) [hidden potential]
 21412 | D:13     | Found a gate to the Vaults.
 21546 | D:14     | Noticed Azrael
 21554 | D:14     | Killed Azrael
 21842 | D:14     | XOM: destruction
 22367 | D:9      | Bought a manual of Shapeshifting for 1200 gold pieces
 22404 | D:8      | XOM: give mutations
 22404 | D:8      | Lost mutation: You expend health (3 HP) to strengthen your
                  | wands. [Xom's mischief]
 22404 | D:8      | Lost mutation: You have a pair of horns on your head.
                  | [Xom's mischief]
 22404 | D:8      | Lost mutation: Your muscles are very strong. (Str +8,
                  | Int/Dex -2) [Xom's mischief]
 22404 | D:8      | Lost mutation: You are partially covered in iridescent
                  | scales. (AC +2) [Xom's mischief]
 22472 | Spider:1 | Entered Level 1 of the Spider Nest
 22511 | Spider:1 | XOM: polymorph jumping spider -> torpor snail
 22649 | Spider:1 | Noticed an emperor scorpion
 22661 | Spider:1 | Killed an emperor scorpion
 22682 | Spider:1 | XOM: give mutations
 22682 | Spider:1 | Lost mutation: You heal very quickly. [Xom's mischief]
 22682 | Spider:1 | Lost mutation: You have a pair of small horns on your head.
                  | [Xom's mischief]
 22682 | Spider:1 | Lost mutation: You have great hidden genetic potential.
                  | [Xom's mischief]
 22682 | Spider:1 | Lost mutation: Your spells are much harder to cast, but
                  | much more powerful. [Xom's mischief]
 22685 | Spider:1 | XOM: enchant monster (good)
 22924 | Spider:1 | XOM: enchant monster (good)
 23031 | Spider:1 | XOM: 1-stop teleportation journey
 23494 | Spider:1 | XOM: confuse monster(s)
 23593 | Spider:1 | XOM: potion effect (haste)
 23735 | Spider:1 | Identified the ring "Cautao" {rPois rF+}
 23793 | Spider:1 | XOM: silly message
 23906 | Spider:2 | Reached XP level 17. HP: 101/135 MP: 0/0
 23906 | Spider:2 | Learned a level 6 spell: Death Channel
 23910 | Spider:2 | XOM: cast spell 'Summon Mana Viper'
 24187 | Spider:2 | XOM: summons 2 friendly demons
 24210 | Spider:2 | Gained mutation: You have a pair of small horns on your
                  | head. [hidden potential]
 24210 | Spider:2 | Lost mutation: You have hidden genetic potential. [hidden
                  | potential expressed]
 24251 | Spider:2 | Noticed Asterion
 24260 | Spider:2 | Asterion changed into Asterion the fire dragon
 24260 | Spider:2 | Noticed Asterion
 24260 | Spider:2 | XOM: polymorph Asterion -> Asterion the fire dragon
 24287 | Spider:1 | XOM: divination: magic mapping
 24291 | Spider:1 | Killed Asterion the fire dragon
 24334 | Spider:2 | XOM: smoke on damage
 24504 | Spider:2 | XOM: summons friendly ufetubus
 24523 | Spider:2 | XOM: destruction
 24529 | Spider:2 | XOM: summons 2 hostile demons
 24671 | Spider:2 | XOM: give mutations
 24671 | Spider:2 | Gained mutation: You passively map the area around you.
                  | [Xom's mischief]
 24671 | Spider:2 | Lost mutation: You passively map the area around you.
                  | [Xom's mischief]
 24671 | Spider:2 | Gained mutation: Your body sometimes deteriorates upon
                  | taking damage. [Xom's mischief]
 24671 | Spider:2 | Lost mutation: Your natural rate of healing is unusually
                  | fast. [Xom's mischief]
 24852 | Spider:3 | Slain by a ghost moth

Illustrated notes

Levels and vault maps discovered:
D:1:      scummos_arrival_simple_fountains, layout_loops_corners,
          shapermc_ecumenical_altar_acropolis, amcnicky_mini_corridor_feature,
          minivault_26, moated_statue, nicolae_concentric_dashed_squares_mild,
          hangedman_abyss_or_decor_stabs
D:2:      layout_rooms
D:3:      layout_rooms, okawaru_ov_weapons_minmay,
          mainiacjoe_overflow_divided_tiny, uniq_sigmund, uniq_terence,
          uniq_natasha
D:4:      layout_rooms, mainiacjoe_overflow_24_doors, uniq_duvessa
D:5:      layout_loops_ring, minmay_temple_entry_trees, serial_shops,
          nicolae_shop_hallway_stairs, nicolae_shop_back_alley_shop,
          uniq_eustachio, uniq_edmund
D:6:      layout_rooms
D:7:      layout_gridville, chequers_ossuary_entry_cave, columned_hall_lemuel,
          minmay_starry_boxes
D:8:      layout_basic, kennysheep_donut, hex_medium, the_hattery, uniq_pikel
D:9:      minmay_the_grid_triangle_9x9_rhombus_thin
          [minmay_the_grid_triangle_9x9_flanged_cone,
          minmay_the_grid_triangle_9x9_prize_insulated,
          minmay_the_grid_triangle_9x9_subtriangle,
          minmay_the_grid_triangle_9x9_checkered], layout_stronghold,
          old_standard_altar, nicolae_shop_self_help
D:10:     layout_cross
D:11:     layout_cave_pools, david_orc_5, uniq_psyche, uniq_maurice, uniq_snorg
D:12:     layout_loops_cross, elyvilon_altar_4
D:13:     layout_roguey, david_vaults_4, uniq_lodul
D:14:     layout_small_grid, serial_park_tiny_1, uniq_azrael
Lair:1:   layout_chaotic_city
Lair:2:   layout_layer_cave
Lair:3:   nzn_winding_woodlands_small [nzn_winding_woodlands_5x15_longhouse,
          nzn_winding_woodlands_center_lodge,
          nzn_winding_woodlands_5x15_garden], layout_regular_city,
          nicolae_shoals_entry_roost, hellmonk_spider_entry_not_the_bees,
          lemuel_fruit_tree
Lair:4:   layout_misc_corridors, nicolae_lair_grazing_beasts
          [nicolae_sub_lair_graze_edge, nicolae_sub_lair_graze_edge,
          nicolae_sub_lair_graze_edge, nicolae_sub_lair_graze_edge],
          infiniplex_staircase_pool
Lair:5:   grunt_lair_end_beastmaster, layout_misc_corridors,
          minmay_slime_entry_jelly_boxes
Spider:1: layout_chambers
Spider:2: layout_spider_delve, uniq_asterion
Spider:3: spiders_nest_scorpion_pit
Orc:1:    dreamdust_wu_jian_sword_trials, layout_caves, serial_shops, shop,
          statue_in_the_mist_lemuel, roderic_batcave, hangedman_feature_mirror,
          uniq_josephine
Orc:2:    st_orc_town, layout_caves, portal_ice_cave_entry_pillars_1,
          basic_altar, serial_shops, shop

Skill      XL: |  1  2  3  4  5  6  7  8  9 10 11 12 13 14 15 16 17 |
---------------+----------------------------------------------------+-----
Spellcasting   | 1 2 3 4 5 6 7 8 9 10 11 | 11.7
Conjurations   | 1 2 3 4 5 6 7 8 9 10 11 | 11.7
Hexes          | 1 2 3 4 5 6 7 8 9 10 11 | 11.7
Summonings     | 1 2 3 4 5 6 7 8 9 10 11 | 11.7
Necromancy     | 1 2 3 4 5 6 7 8 9 10 11 | 11.7
Translocations | 1 2 3 4 5 6 7 8 9 10 11 | 11.7
Fire Magic     | 1 2 3 4 5 6 7 8 9 10 11 | 11.7
Ice Magic      | 1 2 3 4 5 6 7 8 9 10 11 | 11.7
Air Magic      | 1 2 3 4 5 6 7 8 9 10 11 | 11.7
Earth Magic    | 1 2 3 4 5 6 7 8 9 10 11 | 11.7
Alchemy        | 1 2 3 4 5 6 7 8 9 10 11 | 11.7
Long Blades    | 3 4 5 6 7 8 9 10 11 | 11.0
Evocations     | 1 2 3 4 5 7 8 9 |  9.7
Armour         | 2 3 4 5 6 7 8 9 10 11 | 11.6
Dodging        | 3 4 5 7 8 9 10 11 12 | 12.8
Fighting       | 4 5 6 7 8 9 10 11 12 | 12.0
Shapeshifting  | 2 4 5 7 9 |  9.1

Action                     |  1- 3 |  4- 6 |  7- 9 | 10-12 | 13-15 | 16-18 || total
---------------------------+-------+-------+-------+-------+-------+-------++-------
  Melee: Falchion          |   105 |    73 |   304 |   149 |       |       ||   631
         Punch             |     1 |     1 |     4 |     6 |    12 |     8 ||    32
         Headbutt          |     6 |    18 |    76 |   137 |   242 |   110 ||   589
         Long sword        |       |       |       |   431 |   169 |       ||   600
         Scimitar          |       |       |       |     4 |   590 |   553 ||  1147
   Cast: Stone Arrow       |       |       |    31 |    45 |    51 |    12 ||   139
         Sticky Flame      |       |       |       |    33 |    94 |    29 ||   156
         Searing Ray       |       |       |       |     1 |       |       ||     1
         Airstrike         |       |       |       |     5 |   120 |    87 ||   212
         Conjure Ball Ligh |       |       |       |       |       |     6 ||     6
         Death Channel     |       |       |       |       |       |     1 ||     1
  Evoke: Wand              |       |       |     5 |       |     1 |       ||     6
         Phial of floods   |       |       |       |       |     2 |       ||     2
    Use: Scroll            |       |       |     6 |    10 |     9 |     3 ||    28
         Potion            |       |       |       |       |     1 |     1 ||     2
   Stab: Paralysed         |     1 |       |     1 |     3 |       |     5 ||    10
         Petrifying        |       |     1 |     2 |       |       |       ||     3
         Confused          |       |       |     1 |     1 |     1 |     3 ||     6
         Sleeping          |       |       |       |     7 |     4 |     6 ||    17
         Petrified         |       |       |       |     4 |    10 |       ||    14
         Distracted        |       |       |       |       |     2 |     1 ||     3
         Invisible         |       |       |       |       |     1 |       ||     1
 Armour: Leather armour    |    82 |    71 |   287 |   194 |       |       ||   634
         Troll leather arm |       |       |       |    83 |   389 |   351 ||   823
  Dodge: Dodged            |    81 |    44 |   340 |   679 |  1150 |   900 ||  3194

Table legend: (Time is in decaauts)
 A = Elapsed time spent in this place.
 B = Non-inter-level travel time spent in this place.
 C = Inter-level travel time spent in this place.
 D = Time resting spent in this place.
 E = Time spent auto-exploring this place.
 F = Levels seen in this place.
 G = Mean time per level.
                   A        B        C        D        E       F      G
               +--------+--------+--------+--------+--------+-----+--------+
         Total |  24827 |  23731 |   1096 |   5821 |  11890 |  26 |  954.9 |
       Dungeon |  15358 |  14655 |    703 |   5160 |   6644 |  14 | 1097.0 |
          Lair |   4590 |   4322 |    268 |    134 |   2908 |   5 |  918.0 |
   Spider Nest |   2323 |   2257 |     66 |    262 |   1314 |   3 |  774.3 |
  Orcish Mines |   1423 |   1365 |     58 |     35 |    616 |   2 |  711.5 |
       Ossuary |    418 |    418 |      0 |      0 |    216 |   1 |  418.0 |
      Ice Cave |    712 |    712 |      0 |    230 |    191 |   1 |  712.0 |
               +--------+--------+--------+--------+--------+-----+--------+

Top non-repeatable levels by time:
     D:1: 5501 daAuts
Spider:1: 1511 daAuts
     D:9: 1108 daAuts
  Lair:3: 1003 daAuts
     D:8: 988 daAuts
  Lair:2: 986 daAuts
     D:5: 933 daAuts
     D:7: 903 daAuts
  Lair:1: 899 daAuts
  Lair:5: 882 daAuts
   Orc:2: 875 daAuts
    D:13: 851 daAuts
  Lair:4: 819 daAuts
Spider:2: 785 daAuts
     D:2: 763 daAuts
